 Dungeon Crawl Stone Soup version 0.31-a0-1439-g542172135e (webtiles) character file.

Game seed: 10960128963416830894

16081 Conn the Covert (level 12, -1/79 HPs)
             Began as an Octopode Fire Elementalist on Dec 27, 2023.
             Was a Priest of Sif Muna.
             Killed from afar by koorschki's ghost (23 damage)
             ... with a stone arrow
             ... on level 2 of the Orcish Mines.
             The game lasted 01:01:28 (16291 turns).

Conn the Covert (Octopode Fire Elementalist)       Turns: 16291, Time: 01:01:28

Health: -1/79      AC:  8    Str: 14    XL:     12   Next: 33%
Magic:  12/22      EV: 17    Int: 22    God:    Sif Muna [***...]
Gold:   473        SH:  5    Dex: 18    Spells: 0/25 levels left

rFire   + . .        p - +3 short sword (protect)
rCold   + . .        (no shield)
rNeg    . . .        (helmet restricted)
rPois   +            B - amulet of reflection
rElec   .            k - ring of resist corrosion
rCorr   +            s - ring of protection from cold
SInv    .            F - +6 ring of strength
Will    .....        G - ring of protection from fire
Stlth   ++++++       M - ring of poison resistance
HPRegen 0.33/turn    J - +6 ring of dexterity
MPRegen 0.18/turn    I - ring of flight
                     (no ring)

%: reflection
@: under a protective aura, flying, very slightly contaminated
A: almost no armour, amphibious, 8 rings, camouflage 1, gelatinous body 1,
(nimble swimmer 1), tentacles, evolution 1
a: Renounce Religion, Channel Magic, Forget Spell


You were on level 2 of the Orcish Mines.
You worshipped Sif Muna.
Sif Muna was most pleased with you.
You visited 3 branches of the dungeon, and saw 12 of its levels.

You collected 949 gold pieces.
You spent 476 gold pieces at shops.

Inventory:

Hand Weapons
 e - a +0 long sword
 h - a +0 rapier of protection
 p - a +3 short sword of protection (weapon)
 v - a +3 vampiric spear
 A - the +2 flail of Yfes {elec, rPois rN+ Str+3 Dex-4}
   (You bought it in a shop on level 2 of the Orcish Mines)

   Str+3:     It affects your strength (+3).
   Dex-4:     It affects your dexterity (-4).
   rPois:     It protects you from poison rN+: It protects you from negative
   energy.
Missiles
 f - 6 atropa-tipped darts
 H - 8 curare-tipped darts (quivered)
Jewellery
 d - an amulet of guardian spirit
 k - a ring of resist corrosion (left tentacle)
 s - a ring of protection from cold (right tentacle)
 B - an amulet of reflection (around mantle)
 F - a +6 ring of strength (on tentacle)
 G - a ring of protection from fire (on tentacle)
 I - a ring of flight (on tentacle)
 J - a +6 ring of dexterity (on tentacle)
 M - a ring of poison resistance (on tentacle)
Wands
 j - a wand of quicksilver (5)
 o - a wand of flame (21)
 u - a wand of roots (3)
 z - a wand of polymorph (9)
Scrolls
 a - a scroll of fog
 b - a scroll of enchant armour
 g - a scroll of silence
 i - a scroll of brand weapon
 m - a scroll of teleportation
 n - 3 scrolls of revelation
 t - a scroll of amnesia
 y - a scroll of poison
 K - a scroll of vulnerability
Potions
 c - 5 potions of curing
 l - a potion of enlightenment
 q - 5 potions of brilliance
 r - 2 potions of cancellation
 w - a potion of lignification
 x - 3 potions of attraction
 C - a potion of heal wounds
 D - a potion of berserk rage {unknown}
 E - 2 potions of magic
 L - a potion of ambrosia {unknown}
 N - a potion of mutation


   Skills:
 + Level 6.1 Fighting
 - Level 7.2 Dodging
 - Level 10.0 Stealth
 + Level 7.3 Spellcasting
 + Level 9.4 Conjurations
 + Level 6.5 Hexes
 + Level 7.7 Fire Magic
 * Level 2.4 Alchemy
 + Level 4.7 Invocations


You couldn't memorise any spells.
You knew the following spells:

 Your Spells              Type           Power      Damage    Failure   Level
a - Foxfire               Conj/Fire      100%       2x1d9     1%          1
b - Scorch                Fire           82%        2d8       1%          2
c - Inner Flame           Hex/Fire       39%        N/A       1%          3
d - Flame Wave            Conj/Fire      45%        2d12      2%          4
e - Starburst             Conj/Fire      22%        6d8       36%         6
f - Summon Blazeheart Go  Fire/Summ      24%        N/A       16%         4
g - Irradiate             Conj/Alch      17%        3d17      21%         5

Your spell library contained the following spells:

 Spells                   Type           Power      Damage    Failure   Level
 Ensorcelled Hibernation  Hex/Ice        44%        N/A       3%          2
 Volatile Blastmotes      Fire/Tloc      48%        2d14      4%          3
 Necrotise                Necr           32%        1d5       9%          1
 Summon Small Mammal      Summ           32%        N/A       9%          1
 Sublimation of Blood     Necr           8%         N/A       12%         2
 Anguish                  Hex/Necr       11%        N/A       21%         4
 Call Canine Familiar     Summ           8%         N/A       24%         3
 Fugue of the Fallen      Necr           8%         N/A       24%         3
 Passwall                 Erth           8%         N/A       24%         3
 Swiftness                Air            8%         N/A       24%         3
 Vampiric Draining        Necr           8%         2d6       24%         3
 Arcjolt                  Conj/Air       14%        1d24      32%         5
 Petrify                  Alch/Erth      13%        N/A       43%         4
 Summon Mana Viper        Hex/Summ       22%        N/A       50%         5
 Airstrike                Air            4%         2d(1-17)  63%         4
 Martyr's Knell           Necr/Summ      8%         N/A       63%         4
 Vhi's Electric Charge    Tloc/Air       16%        N/A       63%         4
 Curse of Agony           Necr           8%         N/A       92%         5
 Summon Forest            Summ/Tloc      4%         N/A       92%         5
 Plasma Beam              Fire/Air       12%        2x1d23    94%         6
 Summon Cactus Giant      Summ           4%         N/A       100%        6
 Ignition                 Fire           20%        3d7       100%        8


Dungeon Overview and Level Annotations

Branches:
Dungeon (9/15)             Temple (1/1) D:7             Orc (2/2) D:9
    Elf (0/3) Orc:2
   Lair: D:8-11

Altars:
Ashenzari
Cheibriados
Dithmenos
Elyvilon
Fedhas
Gozag
Hepliaklqana
Kikubaaqudgha
Makhleb
Nemelex Xobeh
Okawaru
Qazlal
Ru
Sif Muna
Trog
Uskayaw
Vehumet
Wu Jian
Xom
Yredelemnul
Zin
The Shining One

Shops:
D:7 (   Orc:1 :   Orc:2 *(!=

Annotations:
Orc:2 koorschki's ghost, journeyman DsEE


Innate Abilities, Weirdness & Mutations

You cannot wear most types of armour.
You are amphibious.
You can wear up to eight rings at the same time.
Your skin changes colour to match your surroundings (Stealth+).
Your rubbery body absorbs attacks. (AC +1, EV +1)
((You are camouflaged when in or above water. (Stealth+)))
You have tentacles for arms and can constrict up to eight enemies at once.
You have hidden genetic potential.


Message History

Okay, then.
You see here a +0 mace.
Koorschki's ghost is nearby!
Casting: Summon Blazeheart Golem (dangerous; 16% risk of failure)
Confirm with . or Enter, or press ? or * to list all spells.
Okay, then.
Unknown command.
Unknown command.
Okay, then.
Unknown command.
Koorschki's ghost turns its malevolent gaze towards you.
Koorschki's ghost points at you and mumbles some strange words.
The blast of sand hits you! Koorschki's ghost misses you.
Casting: Summon Blazeheart Golem (dangerous; 16% risk of failure)
Confirm with . or Enter, or press ? or * to list all spells.
You erupt in a fountain of uncontrolled magic!
Koorschki's ghost is blasted with magical radiation!!
Koorschki's ghost is heavily damaged.
You are very lightly contaminated with residual magic.
Koorschki's ghost hits you but does no damage.
Casting: Irradiate (dangerous; 21% risk of failure)
Confirm with . or Enter, or press ? or * to list all spells.
You erupt in a fountain of uncontrolled magic!
Koorschki's ghost is blasted with magical radiation!!
Koorschki's ghost is severely damaged.
You are lightly contaminated with residual magic.
Koorschki's ghost hits you.
You hit koorschki's ghost but do no damage.
Your weapon exudes an aura of protection.
Koorschki's ghost is severely damaged.
Koorschki's ghost gestures at you while chanting.
The stone arrow hits you!!!
Ouch! That really hurt!
* * * LOW HITPOINT WARNING * * *
You hit koorschki's ghost.
Koorschki's ghost is severely damaged.
Koorschki's ghost points at you and mumbles some strange words.
The stone arrow hits you!!
You die...

........###...###....##.#.##.....
...#.....#.....###.##......#.....
..............#.##........#.#....
..)#.#.......[.........#.#.......
....#......)[[..#........#...#...
...........[[...................)
.........[.)....................[
......)........W......#..#....#.#
.......[[.......@....####....)...
....#................###....#....
...#......[....#......##....#....
............#.###.....)..........
............#.#.......)..##......
.......#..........##.##..###.#..^
..............#.#######...#####..
.......#.##.#.### #....# #..
...............# ##...####..


You could see koorschki's ghost.

Vanquished Creatures
  4 orc high priests (Orc:2)
  2 orc knights (Orc:2)
  4 orc sorcerers (Orc:2)
  A manticore (D:8)
  4 kobold blastminers (Orc:2)
  Maggie (D:7)
  Jeremiah (D:6)
  2 kobold demonologists (D:9)
  2 trolls
  Prince Ribbit (D:6)
  A wraith (D:9)
  2 wargs (Orc:1)
  A steam dragon (D:8)
  Menkaure (D:5)
  Edmund (D:6)
  A black bear (D:4)
  18 orc warriors
  Duvessa (D:4)
  A sky beast (D:5)
  3 ogres
  An ice beast (D:5)
  5 centaurs
  A phantom (D:5)
  4 bullfrogs
  4 kobold brigands
  A scorpion (D:5)
  A gnoll sergeant (D:7)
  5 wights (D:8)
  Dowan (D:4)
  11 killer bees
  2 howler monkeys
  3 gnoll boudas
  2 hounds
  24 orc priests
  A jelly (D:8)
  3 iguanas
  A sleepcap (D:6)
  Ijyb (D:4)
  32 orc wizards
  A nameless horror (Orc:2)
  Robin (D:3)
  3 adders
  16 gnolls
  A shadow imp (D:7)
  A white imp (D:8)
  4 worms
  4 dart slugs
  73 orcs
  8 endoplasms
  3 giant cockroaches
  12 hobgoblins
  8 jackals
  4 quokkas
  3 ball pythons
  9 bats
  4 frilled lizards
  15 goblins
  14 kobolds
  A rat (D:1)
340 creatures vanquished.

Vanquished Creatures (collateral kills)
  2 orc knights (Orc:2)
  A nameless horror (Orc:2)
  An orc (Orc:1)
4 creatures vanquished.

Vanquished Creatures (others)
  A gnoll (D:8)
  An orc (D:8)
  A blazeheart core (Orc:2)
  759 foxfires
762 creatures vanquished.

Grand Total: 1106 creatures vanquished

Notes
Turn   | Place    | Note
-------+----------+-------------------------------------------
     0 | D:1      | Conn the Octopode Fire Elementalist began the quest for the
                  | Orb.
     0 | D:1      | Reached XP level 1. HP: 11/11 MP: 3/3
   218 | D:1      | Reached XP level 2. HP: 17/17 MP: 5/5
   235 | D:1      | Reached skill level 3 in Stealth
   438 | D:1      | Reached XP level 3. HP: 15/21 MP: 4/6
   441 | D:1      | Learned a level 2 spell: Scorch
   445 | D:1      | Learned a level 3 spell: Inner Flame
  1279 | D:2      | Found a faded altar of an unknown god.
  1282 | D:2      | Reached XP level 4. HP: 27/27 MP: 7/7
  1984 | D:3      | Found a faded altar of an unknown god.
  1988 | D:3      | Found a bloodstained altar of Trog.
  2039 | D:3      | Got Xusy's Handbook of Aerial Combustion
  2166 | D:3      | Noticed Robin
  2325 | D:3      | Killed Robin
  2713 | D:3      | Reached XP level 5. HP: 15/31 MP: 1/9
  3044 | D:3      | Reached skill level 4 in Stealth
  3165 | D:4      | Reached skill level 1 in Hexes
  3165 | D:4      | Reached XP level 6. HP: 32/36 MP: 0/10
  3590 | D:4      | Noticed Ijyb
  3685 | D:4      | Killed Ijyb
  3927 | D:4      | Noticed a black bear
  3933 | D:4      | Killed a black bear
  4080 | D:5      | Entered Level 5 of the Dungeon
  4119 | D:5      | Noticed Menkaure
  4123 | D:5      | Killed Menkaure
  4124 | D:5      | Reached XP level 7. HP: 41/41 MP: 2/11
  4147 | D:5      | Reached skill level 5 in Stealth
  4536 | D:5      | Learned a level 4 spell: Flame Wave
  4988 | D:5      | Reached XP level 8. HP: 46/46 MP: 8/13
  4988 | D:5      | Noticed Duvessa
  4991 | D:5      | Noticed Dowan
  5077 | D:4      | Killed Duvessa
  5118 | D:4      | Killed Dowan
  5486 | D:6      | Noticed Edmund
  5497 | D:6      | Killed Edmund
  5498 | D:6      | Reached skill level 6 in Stealth
  5634 | D:6      | Reached skill level 5 in Conjurations
  5734 | D:6      | Reached skill level 1 in Fighting
  5734 | D:6      | Reached skill level 5 in Fire Magic
  5823 | D:6      | Noticed Jeremiah
  6092 | D:7      | Reached XP level 9. HP: 54/54 MP: 11/15
  6117 | D:7      | Noticed Maggie
  6284 | D:7      | Found a hazy altar of Hepliaklqana.
  6336 | D:7      | Found a staircase to the Ecumenical Temple.
  6755 | D:6      | Noticed Prince Ribbit
  6763 | D:6      | Killed Prince Ribbit
  6764 | D:6      | Reached skill level 7 in Stealth
  6771 | D:6      | Killed Jeremiah
  6858 | D:6      | Identified the +0 pair of gloves "Nokk" {Dex+5}
  7183 | D:7      | Reached skill level 5 in Dodging
  7302 | D:7      | Found Lafeaf's Weapon Shoppe.
  7401 | D:7      | Found an ornate altar of the Wu Jian Council.
  7404 | D:7      | Found a glowing golden altar of the Shining One.
  7865 | D:7      | Killed Maggie
  8928 | D:8      | Reached XP level 10. HP: 63/63 MP: 11/17
  8959 | D:8      | Reached skill level 5 in Spellcasting
  8985 | D:8      | Reached skill level 8 in Stealth
  9160 | D:8      | Noticed a manticore
  9276 | D:8      | Killed a manticore
  9455 | D:8      | Found a broken altar of Ashenzari.
 10219 | Temple   | Entered the Ecumenical Temple
 10230 | Temple   | Became a worshipper of Sif Muna the Loreminder
 10434 | D:9      | Noticed a kobold demonologist
 10439 | D:9      | Killed a kobold demonologist
 10652 | D:9      | Reached skill level 1 in Invocations
 10708 | D:9      | Reached skill level 5 in Hexes
 11008 | D:9      | Reached * piety under Sif Muna
 11025 | D:9      | Noticed a kobold demonologist
 11033 | D:9      | Killed a kobold demonologist
 11188 | D:9      | Found a staircase to the Orcish Mines.
 11232 | D:9      | Reached skill level 9 in Stealth
 11452 | Orc:1    | Entered Level 1 of the Orcish Mines
 11460 | Orc:1    | Learned a level 6 spell: Starburst
 11813 | Orc:2    | Entered Level 2 of the Orcish Mines
 11819 | Orc:2    | Reached XP level 11. HP: 54/70 MP: 8/19
 11980 | Orc:1    | Gained mutation: You have hidden genetic potential. [potion
                  | of mutation]
 12478 | Orc:2    | Reached ** piety under Sif Muna
 12856 | Orc:2    | Found a staircase to the Elven Halls.
 12863 | Orc:2    | Noticed an orc high priest
 12874 | Orc:2    | Noticed a sun demon
 13217 | Orc:1    | Found Dibrytah's Book Emporium.
 13217 | Orc:1    | Noticed a walking divine tome
 13217 | Orc:1    | Noticed a walking divine tome
 13225 | Orc:1    | Bought a book of Callings for 264 gold pieces
 13235 | Orc:1    | Learned a level 4 spell: Summon Blazeheart Golem
 13705 | Orc:2    | Killed an orc high priest
 13706 | Orc:2    | Reached skill level 5 in Fighting
 14290 | Orc:2    | Found a runed translucent door.
 14301 | Orc:2    | Noticed koorschki's ghost (journeyman DsEE)
 14563 | Orc:2    | Noticed an orc sorcerer
 14563 | Orc:2    | Noticed an orc sorcerer
 14565 | Orc:2    | Paralysed by an orc sorcerer for 5 turns
 14568 | Orc:2    | Noticed an orc high priest
 14755 | Orc:2    | Noticed a sixfirhy
 14755 | Orc:2    | Killed an orc sorcerer
 14824 | Orc:2    | Killed an orc sorcerer
 14881 | Orc:2    | Noticed an orc knight
 14882 | Orc:2    | Noticed an orc high priest
 14883 | Orc:2    | Reached skill level 10 in Stealth
 14885 | Orc:2    | Noticed a sun demon
 14887 | Orc:2    | Killed an orc knight
 14887 | Orc:2    | Reached *** piety under Sif Muna
 14926 | Orc:2    | Killed an orc high priest
 14936 | Orc:2    | Noticed a soul eater
 15092 | Orc:2    | Noticed an orc sorcerer
 15096 | Orc:2    | Noticed an orc knight
 15098 | Orc:2    | Killed an orc sorcerer
 15099 | Orc:2    | Reached XP level 12. HP: 78/78 MP: 14/22
 15298 | Orc:2    | Learned a level 5 spell: Irradiate
 15326 | Orc:2    | Found Plog's Antique Weapon Shoppe.
 15333 | Orc:2    | Found Icli's Jewellery Shop.
 15335 | Orc:2    | Bought an ichor-stained flail for 212 gold pieces
 15335 | Orc:2    | Identified the +2 flail of Yfes {elec, rPois rN+ Str+3
                  | Dex-4} (You bought it in a shop on level 2 of the Orcish
                  | Mines)
 15337 | Orc:2    | Found Miuffia's Distillery.
 15339 | Orc:2    | Found Sistuqas's General Store.
 15377 | Orc:2    | Reached skill level 1 in Alchemy
 15524 | Orc:2    | Killed an orc high priest
 15959 | Orc:2    | Noticed an orc high priest
 15991 | Orc:2    | Killed an orc high priest
 16291 | Orc:2    | Killed from afar by koorschki's ghost

Illustrated notes

Levels and vault maps discovered:
D:1:      wander_arrival_estate, layout_rooms, kennysheep_decorative_pillar
D:2:      layout_basic, shapermc_ecumenical_altar_notcrosses,
          minmay_goblin_kobold_house
D:3:      layout_rooms, nicolae_overflow_ecumenical_swirl, serial_curves,
          eino_curves_01, eino_curves_04, eino_tiny_chamber, glass_columns_a,
          uniq_robin
D:4:      layout_loops_cross, uniq_ijyb
D:5:      layout_loops_ring, uniq_duvessa, uniq_menkaure
D:6:      layout_basic, uniq_prince_ribbit1, uniq_edmund, uniq_jeremiah
D:7:      layout_basic, mainiacjoe_overflow_surrounded_room,
          nicolae_overflow_squiral, minmay_temple_entry_ruins, serial_shops,
          kennysheep_mini, uniq_maggie
D:8:      layout_loops_cross, ashenzari_altar_1
D:9:      layout_rooms, orc_0_dummy
Temple:   nicolae_temple_bog_church
Orc:1:    layout_diamond_mine, serial_shops, nicolae_shop_mannequins,
          hangedman_feature_mirror
Orc:2:    st_orc_elflike, layout_caves, ebering_ghost_reflecting_pool,
          kennysheep_orc_chapel

Skill      XL: |  1  2  3  4  5  6  7  8  9 10 11 12 |
---------------+-------------------------------------+-----
Stealth        | 3 4 5 6 7 9 10 | 10.0
Conjurations   | 2 3 4 5 7 8 9 |  9.4
Dodging        | 3 4 5 6 7 |  7.2
Hexes          | 1 2 3 4 5 6 |  6.5
Spellcasting   | 3 4 5 7 |  7.3
Fire Magic     | 4 5 6 7 |  7.7
Fighting       | 1 3 4 5 6 |  6.1
Invocations    | 2 4 |  4.7
Alchemy        | 2 |  2.4

Action                     |  1- 3 |  4- 6 |  7- 9 | 10-12 || total
---------------------------+-------+-------+-------+-------++-------
  Melee: Long sword        |    30 |    54 |    22 |       ||   106
         Constrict         |    10 |    16 |    20 |    38 ||    84
         Tentacles         |     7 |    14 |    24 |    39 ||    84
         Punch             |     1 |       |     3 |     3 ||     7
         Rapier            |       |       |    62 |   136 ||   198
         Spear             |       |       |     3 |       ||     3
         Short sword       |       |       |       |    10 ||    10
  Throw: Dart              |       |       |       |     4 ||     4
   Cast: Foxfire           |    46 |    56 |   116 |   220 ||   438
         Scorch            |       |    16 |    33 |    92 ||   141
         Inner Flame       |       |     4 |    22 |    42 ||    68
         Flame Wave        |       |       |     5 |    20 ||    25
         Summon Blazeheart |       |       |       |    10 ||    10
         Irradiate         |       |       |       |     3 ||     3
 Invoke: Channel Magic     |       |       |       |     1 ||     1
  Evoke: Wand              |       |     1 |     2 |     6 ||     9
    Use: Potion            |       |     2 |     9 |     2 ||    13
         Scroll            |       |     5 |    13 |     5 ||    23
   Stab: Sleeping          |     4 |     6 |     2 |       ||    12
         Invisible         |       |       |     3 |       ||     3
 Armour: Skin              |    25 |    41 |   118 |   147 ||   331
  Dodge: Dodged            |    33 |    50 |   109 |   167 ||   359
  Block: Other             |       |       |    20 |    56 ||    76
         Reflection        |       |       |     7 |     5 ||    12

Table legend: (Time is in decaauts)
 A = Elapsed time spent in this place.
 B = Non-inter-level travel time spent in this place.
 C = Inter-level travel time spent in this place.
 D = Time resting spent in this place.
 E = Time spent auto-exploring this place.
 F = Levels seen in this place.
 G = Mean time per level.
                   A        B        C        D        E       F      G
               +--------+--------+--------+--------+--------+-----+--------+
         Total |  16382 |  15778 |    604 |   2199 |   9229 |  12 | 1365.2 |
       Dungeon |  11499 |  10916 |    583 |   1141 |   6938 |   9 | 1277.7 |
        Temple |     22 |     11 |     11 |      0 |      0 |   1 |   22.0 |
  Orcish Mines |   4860 |   4851 |      9 |   1058 |   2291 |   2 | 2430.0 |
               +--------+--------+--------+--------+--------+-----+--------+

Top non-repeatable levels by time:
   Orc:2: 2833 daAuts
   Orc:1: 2027 daAuts
     D:7: 1972 daAuts
     D:8: 1910 daAuts
     D:6: 1247 daAuts
     D:4: 1220 daAuts
     D:3: 1201 daAuts
     D:2: 1108 daAuts
     D:5: 1097 daAuts
     D:9: 878 daAuts
     D:1: 863 daAuts
  Temple: 22 daAuts
